HS
RIVERRDALE BAPTIST HS CRUSADERS @ MATER DEI HS MONARCH LIONS
02/25/2060
 
TOP OF THE 1ST
Riverrdale Baptist HS Crusaders batting - Pitching for Mater Dei HS Monarch Lions : RHP Bailey Kiger
Pitching: RHP Bailey Kiger
Batting: RHB Chase McNew 0-0: Ball
1-0: Foul Ball, location: 2F
1-1: Ball
2-1: SINGLE (Groundball, 56, EV 103.8 MPH)
Batting: LHB Perry Stevens 0-0: Called Strike
0-1: Called Strike
Chase McNew is caught stealing 2nd base 2-6
0-2: Ball
1-2: Foul Ball, location: 2F
1-2: Strikes out swinging
Batting: RHB Kyle Florella 0-0: Ball
1-0: Foul Ball, location: 2F
1-1: Ball
2-1: Ball
3-1: Swinging Strike
3-2: Foul Ball, location: 2F
3-2: Strikes out swinging
Top of the 1st over - 0 runs, 1 hit, 0 errors, 0 left on base; Riverrdale Baptist HS 0 - Mater Dei HS 0
BOTTOM OF THE 1ST
Mater Dei HS Monarch Lions batting - Pitching for Riverrdale Baptist HS Crusaders : LHP Christian Hess
Pitching: LHP Christian Hess
Batting: LHB Rob Lilley 0-0: Called Strike
0-1: Ball
1-1: Ball
2-1: Foul Ball, location: 2F
2-2: Strikes out swinging
Batting: RHB Ray Ayres 0-0: Called Strike
0-1: Ball
1-1: Ball
2-1: Single, Error in OF, E9, batter to second base (Groundball, 34D, EV 106.2 MPH)
Batting: RHB Julian Baldwin 0-0: Ball
1-0: Ground out 5-3 (Groundball, 56, EV 92.5 MPH)
Batting: RHB Karter McClatchie 0-0: Ball
1-0: Swinging Strike
1-1: Swinging Strike
1-2: Foul Ball, location: 2F
1-2: Ball
2-2: Ball
3-2: Strikes out swinging
Bottom of the 1st over - 0 runs, 1 hit, 1 error, 1 left on base; Riverrdale Baptist HS 0 - Mater Dei HS 0
TOP OF THE 2ND
Riverrdale Baptist HS Crusaders batting - Pitching for Mater Dei HS Monarch Lions : RHP Bailey Kiger
Batting: LHB Dillan Wobbe 0-0: Ball
1-0: Foul Ball, location: 2F
1-1: Ball
2-1: Ball
3-1: Swinging Strike
3-2: SINGLE (Line Drive, 3D, EV 104.4 MPH)
Batting: SHB Will Spero 0-0: Ball
1-0: Fielders Choice at 2nd, 5-4 (Groundball, 56, EV 101.9 MPH)
Batting: RHB Vincent Moffett 0-0: Ball
Will Spero steals 2nd base
1-0: Called Strike
1-1: Foul Ball, location: 2F
1-2: Strikes out swinging
Batting: RHB Peyton McNaughton 0-0: Ball
1-0: Ball
2-0: Swinging Strike
2-1: Swinging Strike
2-2: Foul Ball, location: 2F
2-2: Ball
3-2: Ground out 4-3 (Groundball, 4S, EV 85.0 MPH)
Top of the 2nd over - 0 runs, 1 hit, 0 errors, 1 left on base; Riverrdale Baptist HS 0 - Mater Dei HS 0
BOTTOM OF THE 2ND
Mater Dei HS Monarch Lions batting - Pitching for Riverrdale Baptist HS Crusaders : LHP Christian Hess
Batting: RHB Kyle Cussen 0-0: Swinging Strike
0-1: Foul Ball, location: 2F
0-2: Foul Ball, location: 2F
0-2: Strikes out swinging
Batting: LHB Nathaniel Jacobs 0-0: Ball
1-0: Foul Ball, location: 2F
1-1: Swinging Strike
1-2: Strikes out swinging
Batting: RHB Devon Aiken 0-0: Called Strike
0-1: Called Strike
0-2: Ball
1-2: Strikes out looking
Bottom of the 2nd over - 0 runs, 0 hits, 0 errors, 0 left on base; Riverrdale Baptist HS 0 - Mater Dei HS 0
TOP OF THE 3RD
Riverrdale Baptist HS Crusaders batting - Pitching for Mater Dei HS Monarch Lions : RHP Bailey Kiger
Batting: RHB Brock Hough 0-0: Called Strike
0-1: Swinging Strike
0-2: Ball
1-2: Ball
2-2: Foul Ball, location: 2F
2-2: Foul Ball, location: 2F
2-2: Strikes out swinging
Batting: RHB Micah Lintz 0-0: Ball
1-0: Ball
2-0: Foul Ball, location: 2F
2-1: Ball
3-1: Base on Balls
Batting: RHB Chase McNew 0-0: Called Strike
Micah Lintz steals 2nd base
0-1: Ball
1-1: Ball
2-1: Swinging Strike
2-2: Strikes out swinging
Batting: LHB Perry Stevens 0-0: Ground out 4-3 (Groundball, 4, EV 98.8 MPH)
Top of the 3rd over - 0 runs, 0 hits, 0 errors, 1 left on base; Riverrdale Baptist HS 0 - Mater Dei HS 0
BOTTOM OF THE 3RD
Mater Dei HS Monarch Lions batting - Pitching for Riverrdale Baptist HS Crusaders : LHP Christian Hess
Batting: RHB Damian Williams 0-0: Called Strike
0-1: Swinging Strike
0-2: Ball
1-2: Fly out, F7 (Line Drive, 7, EV 91.9 MPH)
Batting: RHB Xavier Manning 0-0: Ball
1-0: Called Strike
1-1: Swinging Strike
1-2: Foul Ball, location: 2F
1-2: Strikes out looking
Batting: LHB Rob Lilley 0-0: Called Strike
0-1: Called Strike
0-2: Foul Ball, location: 2F
0-2: Ball
1-2: Strikes out looking
Bottom of the 3rd over - 0 runs, 0 hits, 0 errors, 0 left on base; Riverrdale Baptist HS 0 - Mater Dei HS 0
TOP OF THE 4TH
Riverrdale Baptist HS Crusaders batting - Pitching for Mater Dei HS Monarch Lions : RHP Bailey Kiger
Batting: RHB Kyle Florella 0-0: Ball
1-0: Swinging Strike
1-1: Foul Ball, location: 2F
1-2: Ball
2-2: Ball
3-2: Foul Ball, location: 2F
3-2: Base on Balls
Batting: LHB Dillan Wobbe 0-0: Ball
1-0: Called Strike
1-1: Foul Ball, location: 2F
1-2: Grounds into double play, 4-6-3 (Groundball, 4, EV 101.9 MPH)
Batting: SHB Will Spero 0-0: Foul Ball, location: 2F
0-1: Ball
1-1: Ground out 1-3 (Groundball, 34S, EV 71.2 MPH)
Top of the 4th over - 0 runs, 0 hits, 0 errors, 0 left on base; Riverrdale Baptist HS 0 - Mater Dei HS 0
BOTTOM OF THE 4TH
Mater Dei HS Monarch Lions batting - Pitching for Riverrdale Baptist HS Crusaders : LHP Christian Hess
Batting: RHB Ray Ayres 0-0: Swinging Strike
0-1: Foul Ball, location: 2F
0-2: Foul Ball, location: 2F
0-2: Ball
1-2: Ball
2-2: SOLO HOME RUN (Flyball, 9D, EV 95.0 MPH), Distance : 362 ft
Batting: RHB Julian Baldwin 0-0: SOLO HOME RUN (Flyball, 8LXD, EV 115.6 MPH), Distance : 443 ft
Batting: RHB Karter McClatchie 0-0: Ball
1-0: Ball
2-0: Foul Ball, location: 2F
2-1: Foul Ball, location: 2F
2-2: Strikes out looking
Batting: RHB Kyle Cussen 0-0: Called Strike
0-1: Ball
1-1: Called Strike
1-2: SINGLE (Line Drive, 78S, EV 106.9 MPH)
Batting: LHB Nathaniel Jacobs 0-0: Ball
1-0: Foul Ball, location: 2F
1-1: SINGLE (Line Drive, 5D, EV 98.8 MPH)
Kyle Cussen to second
Batting: RHB Devon Aiken 0-0: Swinging Strike
0-1: Foul Ball, location: 2F
0-2: Ball
1-2: Ball
2-2: Strikes out swinging
Batting: RHB Damian Williams 0-0: Swinging Strike
0-1: Ball
1-1: Ball
2-1: SINGLE (Groundball, 6MD, EV 96.9 MPH)
Kyle Cussen to third
Nathaniel Jacobs to second
Runner from 3rd tries for Home, SAFE, throw by CF to home
Batting: RHB Xavier Manning 0-0: Ball
1-0: Ball
2-0: Foul Ball, location: 2F
2-1: Ground out 1-3 (Groundball, 15S, EV 67.5 MPH)
Bottom of the 4th over - 3 runs, 5 hits, 0 errors, 2 left on base; Riverrdale Baptist HS 0 - Mater Dei HS 3
TOP OF THE 5TH
Riverrdale Baptist HS Crusaders batting - Pitching for Mater Dei HS Monarch Lions : RHP Bailey Kiger
Batting: RHB Vincent Moffett 0-0: Called Strike
0-1: Ball
1-1: Fly out, F7 (Flyball, 7D, EV 103.8 MPH)
Batting: RHB Peyton McNaughton 0-0: Ball
1-0: Ball
2-0: Called Strike
2-1: Fly out, F2 (Popup, 25F, EV 80.6 MPH)
Batting: RHB Brock Hough 0-0: Ball
1-0: Called Strike
1-1: SINGLE (Line Drive, 9LM, EV 103.1 MPH)
Pitching: RHP Stephen Elbon
Batting: RHB Micah Lintz 0-0: Hit by Pitch
Brock Hough to second
Batting: RHB Chase McNew 0-0: Called Strike
0-1: Foul Ball, location: 2F
0-2: Ball
1-2: Ball
2-2: Ball
3-2: Fly out, F3 (Line Drive, 3, EV 69.4 MPH)
Top of the 5th over - 0 runs, 1 hit, 0 errors, 2 left on base; Riverrdale Baptist HS 0 - Mater Dei HS 3
BOTTOM OF THE 5TH
Mater Dei HS Monarch Lions batting - Pitching for Riverrdale Baptist HS Crusaders : LHP Christian Hess
Pitching: RHP Johnathan Campbell
Batting: LHB Rob Lilley 0-0: Ball
1-0: Foul Ball, location: 2F
1-1: Foul Ball, location: 2F
1-2: SINGLE (Groundball, 6, EV 96.9 MPH)
Batting: RHB Ray Ayres 0-0: Ball
1-0: Called Strike
1-1: Foul Ball, location: 2F
1-2: Fly out, F8 (Line Drive, 8LD, EV 87.5 MPH)
Batting: RHB Julian Baldwin 0-0: Ball
1-0: Called Strike
1-1: Ball
2-1: SINGLE (Line Drive, 4MD, EV 103.1 MPH)
Rob Lilley to second
Batting: RHB Karter McClatchie 0-0: Ball
1-0: Foul Ball, location: 2F
1-1: Foul Ball, location: 2F
1-2: Foul Ball, location: 2F
1-2: Ball
2-2: SINGLE (Line Drive, 8LS, EV 94.4 MPH)
Rob Lilley to third
Julian Baldwin to second
Batting: RHB Kyle Cussen 0-0: Fly out, F8 (Flyball, 8RM, EV 91.2 MPH)
Runner from 3rd tags up, SCORES, no throw by CF
Batting: LHB Nathaniel Jacobs 0-0: Ball
1-0: Swinging Strike
1-1: Foul Ball, location: 2F
1-2: SINGLE (Line Drive, 8LS, EV 91.9 MPH)
Julian Baldwin to third
Karter McClatchie to second
Runner from 3rd tries for Home, SAFE, throw by CF to home
Batting: RHB Devon Aiken 0-0: Ball
1-0: DOUBLE (Flyball, 78D, EV 100.6 MPH)
Karter McClatchie scores
Nathaniel Jacobs to third
Runner from 3rd tries for Home, SAFE, throw by LF to trailing runner, SAFE at third!
Pitching: RHP Vashan Rivera
Batting: RHB Damian Williams 0-0: Ball
1-0: Foul Ball, location: 2F
1-1: Ball
2-1: Swinging Strike
2-2: Ball
3-2: Base on Balls
Batting: RHB Xavier Manning 0-0: Ball
1-0: Swinging Strike
1-1: Swinging Strike
1-2: Ball
2-2: Strikes out swinging
Bottom of the 5th over - 4 runs, 5 hits, 0 errors, 2 left on base; Riverrdale Baptist HS 0 - Mater Dei HS 7
TOP OF THE 6TH
Riverrdale Baptist HS Crusaders batting - Pitching for Mater Dei HS Monarch Lions : RHP Stephen Elbon
Batting: LHB Perry Stevens 0-0: Ball
1-0: Ball
2-0: Ball
3-0: Called Strike
3-1: Ground out 4-3 (Groundball, 4, EV 91.2 MPH)
Batting: LHB Nana Pena 0-0: Ball
1-0: Called Strike
1-1: Foul Ball, location: 2F
1-2: Ball
2-2: Ball
3-2: Ground out 4-3 (Groundball, 4M, EV 87.5 MPH)
Batting: LHB Dillan Wobbe 0-0: Ground out 4-3 (Groundball, 4, EV 88.1 MPH)
Top of the 6th over - 0 runs, 0 hits, 0 errors, 0 left on base; Riverrdale Baptist HS 0 - Mater Dei HS 7
BOTTOM OF THE 6TH
Mater Dei HS Monarch Lions batting - Pitching for Riverrdale Baptist HS Crusaders : RHP Vashan Rivera
Batting: LHB Rob Lilley 0-0: Ball
1-0: Ball
2-0: Ball
3-0: Base on Balls
Batting: RHB Ray Ayres 0-0: Ball
1-0: Called Strike
1-1: Swinging Strike
1-2: Ball
Rob Lilley is caught stealing 2nd base 2-4
2-2: Ground out 5-3 (Groundball, 56, EV 101.2 MPH)
Batting: RHB Julian Baldwin 0-0: Ground out U3 (Groundball, 34S, EV 84.4 MPH)
Bottom of the 6th over - 0 runs, 0 hits, 0 errors, 0 left on base; Riverrdale Baptist HS 0 - Mater Dei HS 7
TOP OF THE 7TH
Riverrdale Baptist HS Crusaders batting - Pitching for Mater Dei HS Monarch Lions : RHP Stephen Elbon
Batting: SHB Will Spero 0-0: Ball
1-0: Swinging Strike
1-1: Foul Ball, location: 2F
1-2: Strikes out swinging
Batting: RHB Vincent Moffett 0-0: Called Strike
0-1: Ball
1-1: Called Strike
1-2: Ball
2-2: Strikes out looking
Batting: RHB Peyton McNaughton 0-0: Swinging Strike
0-1: Swinging Strike
0-2: Ball
1-2: Ball
2-2: Ball
3-2: Ground out U3 (Groundball, 34S, EV 61.9 MPH)
Top of the 7th over - 0 runs, 0 hits, 0 errors, 0 left on base; Riverrdale Baptist HS 0 - Mater Dei HS 7
BOTTOM OF THE 7TH
Mater Dei HS Monarch Lions batting - Pitching for Riverrdale Baptist HS Crusaders : RHP Vashan Rivera
Batting: RHB Karter McClatchie 0-0: Fly out, F9 (Flyball, 9, EV 86.9 MPH)
Batting: RHB Kyle Cussen 0-0: Ball
1-0: Ground out 6-3 (Groundball, 6M, EV 88.8 MPH)
Batting: LHB Nathaniel Jacobs 0-0: Fly out, F9 (Line Drive, 89D, EV 88.8 MPH)
Bottom of the 7th over - 0 runs, 0 hits, 0 errors, 0 left on base; Riverrdale Baptist HS 0 - Mater Dei HS 7
TOP OF THE 8TH
Riverrdale Baptist HS Crusaders batting - Pitching for Mater Dei HS Monarch Lions : RHP Stephen Elbon
Batting: RHB Brock Hough 0-0: DOUBLE (Line Drive, 9LS, EV 92.5 MPH)
Pitching: RHP Blake Martin
Batting: RHB Micah Lintz 0-0: Swinging Strike
0-1: Ball
1-1: Foul Ball, location: 2F
1-2: Ball
2-2: Fly out, F8 (Flyball, 8RM, EV 83.1 MPH)
Batting: RHB Chase McNew 0-0: Fly out, F8 (Flyball, 89D, EV 91.9 MPH)
Batting: LHB Perry Stevens 0-0: Reached on error, E3 (Groundball, 34, EV 81.2 MPH)
Brock Hough to third
Batting: LHB Nana Pena 0-0: Ball
1-0: Called Strike
1-1: Ball
2-1: Fielders Choice at 2nd, 6-4 (Groundball, 6, EV 84.4 MPH)
Top of the 8th over - 0 runs, 1 hit, 1 error, 2 left on base; Riverrdale Baptist HS 0 - Mater Dei HS 7
BOTTOM OF THE 8TH
Mater Dei HS Monarch Lions batting - Pitching for Riverrdale Baptist HS Crusaders : RHP Vashan Rivera
Batting: LHB Ferric Ramalheiro 0-0: Fly out, F9 (Flyball, 89S, EV 85.6 MPH)
Batting: RHB Damian Williams 0-0: Ball
1-0: Called Strike
1-1: Ball
2-1: Ball
3-1: Swinging Strike
3-2: Foul Ball, location: 2F
3-2: Foul Ball, location: 2F
3-2: Strikes out looking
Batting: RHB Xavier Manning 0-0: Foul Ball, location: 2F
0-1: Foul Ball, location: 2F
0-2: SINGLE (Flyball, 7S, EV 93.1 MPH)
Batting: LHB Rob Lilley 0-0: Swinging Strike
0-1: Ball
1-1: Swinging Strike
1-2: Ball
2-2: Foul Ball, location: 2F
2-2: Foul Ball, location: 2F
2-2: Ball
3-2: SINGLE (Flyball, 8LS, EV 90.0 MPH)
Xavier Manning to second
Xavier Manning to third
Batting: RHB Ray Ayres 0-0: Ball
1-0: Fly out, F1 (Line Drive, P, EV 73.8 MPH)
Bottom of the 8th over - 0 runs, 2 hits, 0 errors, 2 left on base; Riverrdale Baptist HS 0 - Mater Dei HS 7
TOP OF THE 9TH
Riverrdale Baptist HS Crusaders batting - Pitching for Mater Dei HS Monarch Lions : RHP Blake Martin
Batting: LHB Dillan Wobbe 0-0: Ball
1-0: Ball
2-0: Foul Ball, location: 2F
2-1: Foul Ball, location: 2F
2-2: Ball
3-2: Foul Ball, location: 2F
3-2: Foul Ball, location: 2F
3-2: Fly out, F9 (Flyball, 9D, EV 81.9 MPH)
Batting: SHB Will Spero 0-0: Ground out 6-3 (Groundball, 6, EV 87.5 MPH)
Batting: RHB Vincent Moffett 0-0: Foul Ball, location: 2F
0-1: Ball
1-1: Ball
2-1: Foul Ball, location: 2F
2-2: Strikes out swinging
Top of the 9th over - 0 runs, 0 hits, 0 errors, 0 left on base; Riverrdale Baptist HS 0 - Mater Dei HS 7
Tuesday, April 16th , 2024 - OOTP Baseball 23.10 Build 110